Map: Submarine LE

Players

RXCAs - Winner!

  • Race: Zerg Zerg
  • League: Bronze
  • Spawn Location: 5:00

VOD

Have the link to the VOD?

Description

Time

  • Played on: July 28, 2020, 11:49 p.m.
  • Length: 10:21
Show
View Real Time Build Order
Export as new Build Order

RXCAs Zerg - Winner!

Build Orders:  

Get SALT Encoding   

  12  0:02  Drone  
  13  0:20  Overlord  
  13  0:23  Drone  
  14  0:46  Drone x2  
  16  1:13  Hatchery  
  16  1:15  Drone  
  16  1:19  Drone  
  17  1:26  Drone  
  18  1:39  Extractor  
  17  1:47  Spawning Pool  
  16  1:54  Drone  
  16  1:55  Drone  
  18  2:06  Drone  
  19  2:23  Overlord  
  19  2:41  Drone  
  20  2:52  Drone  
  20  2:54  Queen  
  20  2:55  Queen  
  25  3:01  Zergling x2  
  25  3:08  Zergling x2  
  27  3:19  Drone  
  28  3:24  Drone x2  
  30  3:41  Drone x2  
  30  3:46  Queen  
  30  3:49  Queen  
  36  4:03  Metabolic Boost  
  36  4:08  Overlord x2  
  36  4:33  Drone x2  
  36  4:34  Drone x2  
  40  4:59  Pneumatized Carapace  
  40  5:00  Lair  
  40  5:12  Evolution Chamber  
  40  5:19  Extractor  
  38  5:21  Extractor  
  38  5:29  Roach Warren  
  36  5:35  Drone  
  36  5:36  Drone x9  
  46  5:40  Overlord x2  
  46  6:02  Zerg Missile Weapons Level 1  
  46  6:19  Drone  
  47  6:20  Drone x5  
  47  6:26  Glial Reconstitution  
  52  6:31  Overlord x2  
  52  6:33  Roach  
  52  6:34  Roach x3  
  59  6:49  Spore Crawler  
  58  6:53  Spore Crawler  
  57  7:06  Roach  
  57  7:07  Roach x3  
  64  7:24  Roach x4  
  64  7:25  Roach x2  
  76  7:51  Roach  
  76  7:52  Roach x3  
  84  8:03  Overlord x2  
  84  8:31  Roach  
  84  8:32  Roach x5  
Tags
 
League
Bronze
Matchup
Co-op
Add a new tag
Caveats
  • Supply blocks, unpowered buildings, or Contaminate may cause inaccurate times.
  • Supply counts are checked every 10 seconds.